 Dungeon Crawl Stone Soup version 0.23.2-33-g5129a83184 (webtiles) character file.

Game seed: 8236423578641803664

326261 teukkam the Hoplite (level 20, -31/150 HPs)
             Began as a Minotaur Fighter on June 26, 2019.
             Was an Initiate of Gozag.
             Shot with an arrow by a deep elf master archer (34 damage)
             ... on level 3 of the Elven Halls on June 30, 2019.
             The game lasted 04:52:21 (61048 turns).

teukkam the Hoplite (Minotaur Fighter)             Turns: 61048, Time: 04:52:23

Health: -31/150    AC: 13    Str: 40    XL:     20   Next: 75%
Magic:  17/17      EV: 24    Int:  8    God:    Gozag
Gold:   3078       SH: 20    Dex:  7    Spells: 19/19 levels left

rFire    + . .     SeeInvis +   a - +5 long sword of Anger {holy, +Rage +Fly Dex-5}
rCold    + . .     Gourm    .   P - +2 shield of Resistance {rF+ rC+ MR+}
rNeg     + . .     Faith    .   O - +3 chain mail of the Eight Boll Weevils {rF+ rC- rN+ Str+4 Dex+4}
rPois    .         Spirit   .   t - +2 hat {Int+3}
rElec    +         Reflect  .   W - +2 cloak {MR+}
rCorr    .         Harm     .   C - -5 pair of gloves "Deigur" {*Contam Str+5 Int+2 SInv}
MR       +++++                  v - +2 pair of boots
Stlth    ++++......             i - amulet of the acrobat
HPRegen  0.35/turn              R - ring of Contentment {Wiz rF- MR+ Str+2 Stlth+}
MPRegen  0.15/turn              N - ring "Kopus" {rElec rC+ Dex-3 Slay+2}

@: about to teleport, acrobat, studying Bows
A: retaliatory headbutt, fangs 1, horns 2, blurry vision 1, deformed body, dopey
1, low mp 1, magic resistance 2, evolution 1, MP-powered wands
}: 2/15 runes: serpentine, barnacled
a: Potion Petition, Call Merchant, Bribe Branch, Renounce Religion, Evoke
Berserk Rage, Evoke Flight


You were on level 3 of the Elven Halls.
You worshipped Gozag.
Gozag was most pleased with you.
You were not hungry.

You visited 8 branches of the dungeon, and saw 36 of its levels.
You visited the Abyss 6 times.
You also visited: Bailey, Gauntlet and Ice Cave.

You collected 17433 gold pieces.
You spent 2721 gold pieces at shops.
You paid 11634 gold pieces to Gozag.

Inventory:

Hand Weapons
 a - the +5 long sword of Anger (weapon) {holy, +Rage +Fly Dex-5}
   (You took it off a deep elf demonologist on level 2 of the Elven Halls)

   It has been blessed by the Shining One to cause great damage to the undead
   and demons.
   It affects your dexterity (-5).
   It lets you fly.
   It lets you go berserk.
 b - a +1 blowgun
 c - a +4 flail of crushing
 h - the +5 rapier "Yluijo" {protect, rC++}
   (You found it on level 4 of the Snake Pit)

   It protects the one who uses it against injury (+AC on strike).
   It greatly protects you from cold.
 A - the +1 short sword "Rummage" {venom, rN++ Int+3}
   (You found it on level 6 of the Dungeon)

   It poisons the flesh of those it strikes.
   It affects your intelligence (+3).
   It greatly protects you from negative energy.
 F - a +0 broad axe of venom
 G - a +4 hand axe of freezing
 U - a +1 lajatang of distortion
Missiles
 o - 14 steel javelins
 w - 7 javelins
 x - 157 poisoned needles
 J - 9 throwing nets (quivered)
 T - 11 silver javelins
 V - 17 curare-tipped needles
 Y - 8 tomahawks of returning
Armour
 m - the +6 buckler "Luqaw" {rC+}
   (You found it on level 6 of the Lair of Beasts)

   It protects you from cold.
 t - a +2 hat of intelligence (worn)
 v - a +2 pair of boots (worn)
 C - the -5 pair of gloves "Deigur" (worn) {*Contam Str+5 Int+2 SInv}
   (You found it in an ice cave)

   It affects your strength (+5).
   It affects your intelligence (+2).
   It lets you see invisible.
   It causes magical contamination when unequipped.
 O - the +3 chain mail of the Eight Boll Weevils (worn) {rF+ rC- rN+ Str+4 Dex+4}
   (You bought it in a shop on level 10 of the Dungeon)

   It affects your strength (+4).
   It affects your dexterity (+4).
   It protects you from fire.
   It makes you vulnerable to cold.
   It protects you from negative energy.
 P - the +2 shield of Resistance (worn) {rF+ rC+ MR+}
   (You bought it in a shop on level 10 of the Dungeon)

   It protects you from fire.
   It protects you from cold.
   It affects your resistance to hostile enchantments.
 W - a +2 cloak of magic resistance (worn)
Jewellery
 i - an amulet of the acrobat (around neck)
 N - the ring "Kopus" (right hand) {rElec rC+ Dex-3 Slay+2}
   (You found it on level 4 of the Snake Pit)

   [ring of protection from cold]

   It affects your dexterity (-3).
   It affects your accuracy and damage with ranged weapons and melee attacks
   (+2).
   It protects you from cold.
   It insulates you from electricity.
 R - the ring of Contentment (left hand) {Wiz rF- MR+ Str+2 Stlth+}
   (You took it off a deep elf demonologist on level 2 of the Elven Halls)

   [ring of wizardry]

   It improves your spell success rate.
   It affects your strength (+2).
   It makes you vulnerable to fire.
   It affects your resistance to hostile enchantments.
   It makes you more stealthy.
Wands
 k - a wand of flame (6)
 E - a wand of digging (5)
 Z - a wand of acid (2)
Scrolls
 e - 12 scrolls of remove curse
 n - 9 scrolls of immolation
 p - 29 scrolls of identify
 r - a scroll of teleportation
 y - a scroll of blinking
 z - 4 scrolls of magic mapping
 K - 2 scrolls of fear
 L - 8 scrolls of enchant weapon
 X - 3 scrolls of fog
Potions
 d - 4 potions of brilliance
 g - 3 potions of haste
 q - a potion of curing
 s - a potion of berserk rage
 H - 3 potions of flight
 I - a potion of ambrosia
 M - a potion of cancellation
 Q - 2 potions of agility
Books
 S - a manual of Bows
Miscellaneous
 u - a lamp of fire (inert)
 D - a lamp of fire (inert)
Comestibles
 f - 13 rations


   Skills:
 - Level 6.8 Fighting
 - Level 21.1(21.2) Short Blades
 + Level 2.4(15.7) Long Blades
 - Level 6.2 Axes
 + Level 13.4 Bows
 - Level 2.7 Throwing
 - Level 5.7 Armour
 + Level 18.4 Stealth
 + Level 21.2 Shields


You had 19 spell levels left.
You didn't know any spells.
Your spell library contained the following spells:

 Spells                   Type           Power        Failure   Level  Hunger
 Animate Skeleton         Necr           N/A          45%         1    ##.....
 Beastly Appendage        Tmut           #.....       45%         1    ##.....
 Confusing Touch          Hex            #.....       45%         1    ##.....
 Flame Tongue             Conj/Fire      #....        45%         1    ##.....
 Infusion                 Chrm           #...         45%         1    ##.....
 Pain                     Necr           #...         45%         1    ##.....
 Summon Butterflies       Summ           #.......     45%         1    ##.....
 Summon Small Mammal      Summ           #...         45%         1    ##.....
 Call Imp                 Summ           #.......     61%         2    ###....
 Poisonous Vapours        Pois/Air       #.....       61%         2    ###....
 Shroud of Golubria       Chrm/Tloc      #.........   61%         2    ###....
 Song of Slaying          Chrm           #.......     61%         2    ###....
 Sticks to Snakes         Tmut           #.......     61%         2    ###....
 Throw Flame              Conj/Fire      #.....       61%         2    ###....
 Call Canine Familiar     Summ           #.......     82%         3    ####...
 Confuse                  Hex            #.......     82%         3    ####...
 Conjure Flame            Conj/Fire      #.......     82%         3    ####...
 Gell's Gravitas          Tloc           #.........   82%         3    ####...
 Inner Flame              Hex/Fire       #.......     82%         3    ####...
 Recall                   Summ/Tloc      N/A          82%         3    ####...
 Regeneration             Chrm/Necr      #.........   82%         3    ####...
 Spectral Weapon          Hex/Chrm       #.......     82%         3    ####...
 Spider Form              Tmut/Pois      #.........   82%         3    ####...
 Static Discharge         Conj/Air       #.......     82%         3    ####...
 Summon Guardian Golem    Hex/Summ       #.......     82%         3    ####...
 Vampiric Draining        Necr           #.........   82%         3    ####...
 Animate Dead             Necr           N/A          99%         4    #####..
 Ice Form                 Ice/Tmut       #.......     99%         4    #####..
 Leda's Liquefaction      Hex/Erth       #.........   99%         4    #####..
 Petrify                  Tmut/Erth      #.......     99%         4    #####..
 Sticky Flame             Conj/Fire      #.......     99%         4    #####..
 Summon Ice Beast         Ice/Summ       #.......     99%         4    #####..
 Summon Lightning Spire   Summ/Air       #.......     99%         4    #####..
 Blade Hands              Tmut           #.........   100%        5    ######.
 Bolt of Magma            Conj/Fire/Erth #.........   100%        5    ######.
 Borgnjor's Vile Clutch   Necr/Erth      #.........   100%        5    ######.
 Fireball                 Conj/Fire      #.........   100%        5    ######.
 Iskenderun's Battlesphe  Conj/Chrm      #.......     100%        5    ######.
 Lightning Bolt           Conj/Air       #.........   100%        5    ######.
 Metabolic Englaciation   Hex/Ice        #.........   100%        5    ######.
 Summon Forest            Summ/Tloc      #.........   100%        5    ######.
 Venom Bolt               Conj/Pois      #.........   100%        5    ######.
 Yara's Violent Unravell  Hex/Tmut       #.........   100%        5    ######.
 Death Channel            Necr           #.........   100%        6    #######
 Iron Shot                Conj/Erth      #.........   100%        6    #######
 Simulacrum               Ice/Necr       #.........   100%        6    #######
 Statue Form              Tmut/Erth      #........    100%        6    #######
 Orb of Destruction       Conj           #.........   100%        7    #######
 Spellforged Servitor     Conj/Summ      #.........   100%        7    #######
 Summon Hydra             Summ           #.........   100%        7    #######
 Ignition                 Fire           #.........   100%        8    #######
 Shatter                  Erth           #.........   100%        9    #######
 Tornado                  Air            #.........   100%        9    #######


Dungeon Overview and Level Annotations

Branches:
Dungeon (15/15)            Temple (1/1) D:5            Lair (6/6) D:10
 Shoals (4/4) Lair:3        Snake (4/4) Lair:4        Slime (0/5) Lair:6
    Orc (2/2) D:9             Elf (3/3) Orc:2        Vaults (0/5) D:13
 Depths (1/5) D:15

Altars:
Ashenzari
Cheibriados
Dithmenos
Elyvilon
Fedhas
Gozag
Hepliaklqana
Kikubaaqudgha
Makhleb
Nemelex Xobeh
Okawaru
Qazlal
Ru
Sif Muna
Trog
Uskayaw
Vehumet
Wu Jian
Xom
Yredelemnul
Zin
The Shining One

Shops:
D:10 [   D:15 (   Orc:2 *(%:   Elf:1 [   Elf:3 (   Shoals:4 *   Snake:4 !

Portals:
Pandemonium: Orc:2

Annotations:
Shoals:3 Ilsuiw
Snake:1 Saint Roka
Snake:2 exclusion: Roxanne, Roxanne
Snake:3 Louise


Innate Abilities, Weirdness & Mutations

You reflexively headbutt those who attack you in melee.
You have a pair of horns on your head.
You have very sharp teeth.
Scrolls take you a little longer to read.
Armour fits poorly on your strangely shaped body.
You are dopey. (Int -2)
Your magical capacity is low. (-10% MP)
You are highly resistant to hostile enchantments. (MR++)
You evolve.
You expend magic power (3 MP) to strengthen your wands.


Message History

You feel strangely unstable.
The deep elf high priest mumbles some strange prayers to its god against you.
Something smites you!
* * * LOW HITPOINT WARNING * * *
The deep elf master archer shoots an arrow.
You block the arrow.
The deep elf master archer shoots an arrow.
The arrow hits you!
* * * LOW HITPOINT WARNING * * *
You see here 2 arrows.
The deep elf master archer shoots an arrow.
The arrow misses you.
You see here a +2 spear of flaming.
The deep elf master archer shoots an arrow.
The arrow hits you!!
* * * LOW HITPOINT WARNING * * *
The deep elf master archer shoots an arrow.
The arrow hits you!!
You die...
Your body crumbles into a pile of gold.

#.##.##....≈≈#..#... ......
#.#.###...(≈(#..#...### #......
#.'## #....)≈#..#'##.. .......
....###...)..'..#....###.......
.....##......'..#...(eee..)....
......#...))))..#....#e........
......#....≈≈#..#.(..#.($......
......'....≈≈#..#)...#(........
......#....≈≈#.)@()..##........
......#....≈≈#..#'#####........
.....##....≈≈#..#...# ##.....⌠.
....###....≈≈#..#...# .......
##### #....≈≈#..#...# #......
#....≈≈#..#...# #.....
#....≈≈#..#...# #....≈≈#..'...#
#....≈≈# #...#


You could see a deep elf master archer and a deep elf elementalist.

Vanquished Creatures
  Vashnia (Snake:3)
  2 bone dragons (Abyss:4)
  An Ice Fiend (IceCv)
  A hellephant (Abyss:4)
  Jorgrun (Elf:2)
  A deep elf blademaster (Elf:2)
  6 tentacled starspawn
  A nagaraja (Snake:4)
  4 deep elf sorcerers (Elf:3)
  An orc warlord (Orc:1)
  A balrug (Abyss:4)
  4 deep elf elementalists (Elf:3)
  A very ugly thing (D:15)
  A reaper (Abyss:4)
  Nessos (Orc:2)
  4 deep elf demonologists
  A deep elf annihilator (Elf:3)
  A minotaur (Gauntlet)
  An eidolon (Abyss:4)
  Josephine (Lair:4)
  3 merfolk impalers
  A merfolk javelineer (Shoals:1)
  2 deep elf high priests (Elf:3)
  2 deep elf death magi (Elf:3)
  A rakshasa (Abyss:4)
  A great orb of eyes (Abyss:3)
  Harold (D:8)
  A yaktaur captain (D:13)
  A hell beast (Gauntlet)
  3 hydras
  3 naga warriors
  A merfolk aquamancer (Shoals:3)
  An anaconda (Snake:2)
  The ghost of dembora the Carver, a novice NaBe of Trog (Lair:1)
  A catoblepas (D:13)
  6 centaur warriors
  A two-headed ogre (shapeshifter) (Elf:2)
  A merfolk avatar (Shoals:4)
  3 two-headed ogres
  A queen ant (Gauntlet)
  A death yak (Lair:3)
  22 thrashing horrors
  A satyr (Shoals:2)
  4 hell hogs (Abyss:4)
  3 naga sharpshooters
  A soul eater (Abyss:4)
  Sonja (Orc:2)
  2 shock serpents
  3 orc high priests
  2 wretched stars
  7 harpies
  2 shadow wraiths (Abyss:4)
  A salamander mystic (Snake:3)
  16 deep elf knights
  2 sun demons (Abyss:4)
  2 wizards
  4 skeletal warriors (D:13)
  A sixfirhy (Abyss:4)
  A deep troll (D:15)
  An unseen horror (shapeshifter) (D:15)
  3 sea snakes
  2 unseen horrors
  2 glowing orange brains
  An infernal demonspawn (Orc:2)
  A torturous demonspawn (Orc:2)
  14 deep elf archers
  5 orc knights
  6 mana vipers
  8 ugly things
  An orb spider (shapeshifter) (Elf:2)
  11 cyclopes
  56 deep elf magi
  12 manticores
  3 salamanders
  6 fauns
  6 oklob plants
  11 orc sorcerers
  2 worldbinders (Abyss:4)
  A shining eye (Abyss:4)
  A stone giant skeleton (Abyss:4)
  An ice statue (IceCv)
  A cyclops (shapeshifter) (D:15)
  A guardian serpent (Abyss:3)
  A guardian serpent (shapeshifter) (Abyss:3)
  A water nymph (shapeshifter) (Abyss:4)
  5 merfolk sirens
  6 black mambas
  6 water nymphs
  2 naga magi (Snake:4)
  3 rust devils
  2 orange demons
  12 spiny frogs
  A torpor snail (Gauntlet)
  2 apocalypse crabs (Abyss:4)
  A minotaur zombie (Gauntlet)
  10 smoke demons
  A torpor snail (shapeshifter) (Elf:2)
  A gargoyle (D:15)
  9 freezing wraiths
  7 yaktaurs
  4 komodo dragons
  An efreet (Abyss:4)
  2 demonic crawlers
  An anaconda simulacrum (IceCv)
  A kobold demonologist (D:12)
  5 ice devils
  A redback zombie (D:15)
  A tormentor (Abyss:4)
  A hellwing (Orc:2)
  2 red devils (Abyss:4)
  A golden dragon simulacrum (IceCv)
  8 ancient zymes
  7 merfolk
  A tengu conjurer (Shoals:2)
  A silent spectre (Abyss:4)
  10 trolls
  3 meliai (D:15)
  2 queen bees
  3 wind drakes
  3 hornets (Lair:6)
  Prince Ribbit (D:9)
  A wolf spider simulacrum (IceCv)
  4 polar bears
  2 dream sheep
  30 blink frogs
  23 raiju
  6 slime creatures
  7 hippogriffs
  2 snapping turtles (Shoals:1)
  Sigmund (D:5)
  7 flying skulls (Abyss:4)
  A shadow (D:11)
  5 air elementals
  9 wyverns
  An ettin skeleton (Abyss:4)
  37 yaks
  14 spriggans (Lair:6)
  4 water elementals
  5 dire elephant simulacra (IceCv)
  4 wraiths
  5 ynoxinuls
  A basilisk (shapeshifter) (Abyss:4)
  7 fire elementals
  21 large abominations
  2 death yak simulacra (IceCv)
  7 neqoxecs (Abyss:4)
  A golden eye (shapeshifter) (Elf:1)
  2 vampire mosquitoes (D:14)
  4 chaos spawn
  2 hungry ghosts
  5 soldier ants (Gauntlet)
  A spatial vortex (Abyss:4)
  A warg (Snake:3)
  3 harpy simulacra (IceCv)
  2 insubstantial wisps (D:11)
  2 iron troll simulacra (IceCv)
  11 nagas
  40 water moccasins
  2 hydra simulacra (IceCv)
  9 porcupines
  2 acid dragons
  10 hell hounds
  7 black bears
  4 eyes of draining
  4 ice beasts
  2 sky beasts
  A necrophage (D:7)
  35 orc warriors
  A phantom (D:11)
  20 wolves (Lair:6)
  5 boggarts (Lair:6)
  10 ogres
  13 crocodiles
  25 centaurs
  4 big kobolds
  An elf zombie (D:9)
  17 bullfrogs
  A wyvern zombie (D:11)
  3 earth elementals
  A water moccasin zombie (D:8)
  12 small abominations
  5 scorpions
  A swamp dragon simulacrum (IceCv)
  42 killer bees
  13 wights
  2 howler monkeys
  5 electric eels
  3 lava snakes
  12 starcursed masses (Abyss:4)
  3 crimson imps
  A quasit (Abyss:4)
  5 human zombies (D:9)
  2 bullfrog zombies
  A centaur zombie (Abyss:3)
  2 draconian simulacra (IceCv)
  An iron imp (Abyss:4)
  7 jellies
  30 orc priests
  A bullfrog skeleton (D:7)
  5 hounds
  3 centaur skeletons
  8 iguanas
  26 orc wizards
  7 troll simulacra (IceCv)
  11 worker ants
  A polar bear simulacrum (IceCv)
  A mummy (D:9)
  A hound skeleton (D:10)
  3 gnolls (D:6)
  A howler monkey skeleton (D:9)
  3 naga simulacra (IceCv)
  34 adders
  4 ogre simulacra (IceCv)
  A river rat (D:14)
  A shadow imp (D:9)
  8 white imps
  6 ufetubi (IceCv)
  An adder zombie (D:3)
  An adder skeleton (D:4)
  3 worms
  4 dart slugs
  4 leopard geckos
  105 orcs
  6 giant cockroaches
  3 goblins
  6 hobgoblins
  16 jackals
  10 quokkas
  3 ball pythons
  7 bats
  6 frilled lizards
  13 kobolds
  An orc skeleton (D:9)
  An orc zombie (D:9)
  A quokka skeleton (D:6)
  A quokka zombie (D:5)
  6 rats
  A fungus (Lair:2)
  A lurking horror (Abyss:4)
  3 plants
  3 starspawn tentacles (Abyss:4)
1366 creatures vanquished.

Vanquished Creatures (collateral kills)
  Agnes (Snake:3)
  6 nagarajas
  Aizul (Snake:2)
  A merfolk javelineer (Shoals:4)
  A merfolk impaler (Shoals:4)
  A merfolk avatar (Shoals:4)
  A merfolk aquamancer (Shoals:4)
  3 naga warriors
  6 anacondas
  A satyr (Shoals:2)
  An alligator snapping turtle (Shoals:4)
  9 naga sharpshooters
  4 shock serpents (Snake:3)
  A sea snake (Shoals:1)
  3 harpies (Shoals:4)
  6 naga ritualists
  6 manticores
  7 fauns
  12 mana vipers
  4 salamanders
  3 merfolk sirens
  3 guardian serpents
  2 water nymphs (Shoals:4)
  25 black mambas
  10 naga magi
  4 merfolk
  A hippogriff (Shoals:4)
  A dream sheep (Shoals:1)
  A snapping turtle (Shoals:4)
  2 water elementals (Shoals:4)
  44 nagas
  7 water moccasins
  An orc warrior (Orc:1)
  A jelly (Abyss:4)
  An adder (Snake:1)
  An orc (Orc:2)
  A ball python (Snake:1)
  3 plants (Shoals:4)
  A starspawn tentacle (Abyss:4)
187 creatures vanquished.

Vanquished Creatures (others)
  2 nagarajas
  A merfolk impaler (Shoals:3)
  2 naga warriors
  2 satyrs (Shoals:3)
  29 dancing weapons
  An orc knight (Snake:3)
  A tengu warrior (Shoals:2)
  6 naga sharpshooters
  A salamander mystic (Snake:4)
  A sea snake (Shoals:1)
  2 deep elf magi
  7 harpies
  A mana viper (Snake:2)
  3 manticores
  3 cyclopes (Shoals:1)
  4 salamanders
  7 fauns
  2 merfolk sirens (Shoals:3)
  3 naga magi
  2 water nymphs
  2 black mambas
  A freezing wraith (Shoals:2)
  3 orc warriors (Snake:3)
  9 merfolk (Shoals:3)
  An air elemental (Elf:2)
  A water elemental (Shoals:3)
  A fire elemental (Elf:2)
  17 nagas
  A centaur (Shoals:4)
  A small abomination (Abyss:4)
  3 orc priests
  A white imp (IceCv)
  5 orcs (Snake:3)
  27 demonic plants (Gauntlet)
  A fire vortex (Lair:5)
  6 fungi
  7 plants
  18 starspawn tentacles
  4 tentacles (Abyss:3)
189 creatures vanquished.

Grand Total: 1742 creatures vanquished

Notes
Turn   | Place    | Note
-------+----------+-------------------------------------------
     0 | D:1      | teukkam the Minotaur Fighter began the quest for the Orb.
     0 | D:1      | Reached XP level 1. HP: 19/19 MP: 0/0
   184 | D:2      | Reached XP level 2. HP: 24/27 MP: 1/1
   362 | D:3      | Reached XP level 3. HP: 31/33 MP: 2/2
   474 | D:5      | Entered Level 5 of the Dungeon
   533 | D:5      | Reached XP level 4. HP: 33/41 MP: 3/3
   678 | D:5      | Noticed Sigmund
   686 | D:5      | Killed Sigmund
   686 | D:5      | Reached skill level 5 in Fighting
   686 | D:5      | Reached skill level 5 in Armour
   686 | D:5      | Reached skill level 5 in Shields
   686 | D:5      | Reached XP level 5. HP: 37/48 MP: 4/4
   686 | D:5      | Reached XP level 6. HP: 43/56 MP: 5/5
   777 | D:5      | Found a staircase to the Ecumenical Temple.
   786 | Temple   | Entered the Ecumenical Temple
  1415 | Temple   | Became a worshipper of Gozag Ym Sagoz the Greedy
  2677 | D:3      | Reached skill level 5 in Axes
  2677 | D:3      | Reached XP level 7. HP: 45/62 MP: 6/6
  3550 | D:4      | Reached skill level 1 in Throwing
  4550 | D:6      | Reached XP level 8. HP: 71/71 MP: 7/7
  4607 | D:6      | Got a jewelled short sword
  4608 | D:6      | Identified the +1 short sword "Rummage" {venom, rN++ Int+3}
                  | (You found it on level 6 of the Dungeon)
  4628 | D:6      | Reached skill level 1 in Short Blades
  4628 | D:6      | Reached skill level 1 in Stealth
  5401 | D:7      | Found a shimmering altar of Xom.
  5492 | D:7      | Reached skill level 5 in Short Blades
  5492 | D:7      | Reached XP level 9. HP: 49/78 MP: 8/8
  5588 | D:7      | Found a sacrificial altar of Ru.
  5627 | D:7      | Noticed an oklob plant
  5681 | D:7      | Killed an oklob plant
  5681 | D:7      | Reached skill level 5 in Stealth
  6370 | D:8      | Found a glowing silver altar of Zin.
  6370 | D:8      | Found a shattered altar of Ashenzari.
  6370 | D:8      | Found a sacrificial altar of Ru.
  6373 | D:8      | Found a hazy altar of Hepliaklqana.
  6672 | D:8      | Noticed Harold
  6694 | D:8      | Killed Harold
  6757 | D:8      | Reached XP level 10. HP: 60/84 MP: 9/9
  7426 | D:9      | Found a basalt altar of Yredelemnul.
  7513 | D:9      | HP: 3/84 [troll (9)]
  8248 | D:8      | Found an iron altar of Okawaru.
  8298 | D:9      | Found a staircase to the Orcish Mines.
  8683 | D:9      | Noticed Prince Ribbit
  8696 | D:9      | Killed Prince Ribbit
  8696 | D:9      | Reached skill level 10 in Short Blades
  8728 | D:9      | Found a glowing golden altar of the Shining One.
  9053 | D:10     | Entered Level 10 of the Dungeon
  9095 | D:10     | Killed an unseen horror
  9575 | D:10     | Reached XP level 11. HP: 91/91 MP: 10/10
  9660 | D:10     | Found a staircase to the Lair.
  9660 | D:10     | Noticed a red ugly thing
  9682 | D:10     | Killed a red ugly thing
  9970 | Lair:1   | Entered Level 1 of the Lair of Beasts
 10636 | D:11     | Found a flagged portal.
 10653 | D:11     | Noticed a two-headed ogre
 10665 | D:11     | Killed a two-headed ogre
 10751 | Bailey   | Entered a bailey
 10751 | Bailey   | Noticed an orc knight
 11118 | D:10     | Bought the +3 chain mail of the Eight Boll Weevils {rF+ rC-
                  | rN+ Str+4 Dex+4} for 712 gold pieces
 11118 | D:10     | Bought the +2 shield of Resistance {rF+ rC+ MR+} for 616
                  | gold pieces
 11118 | D:10     | Found the +2 shield of Resistance {rF+ rC+ MR+}
 11409 | Lair:1   | Found a transporter.
 11501 | Lair:1   | Noticed dembora's ghost (novice NaBe)
 11659 | Lair:1   | Reached skill level 10 in Stealth
 11707 | Lair:1   | Found a transporter.
 12613 | Lair:2   | Reached XP level 12. HP: 89/97 MP: 11/11
 13176 | Lair:2   | Noticed a death yak
 13176 | Lair:2   | Noticed a death yak
 13205 | Lair:3   | Found a staircase to the Shoals.
 13783 | Lair:3   | Identified the Catalogue of Feathery Talismans
 14062 | Lair:4   | Found a staircase to the Snake Pit.
 14547 | Lair:4   | Reached skill level 10 in Shields
 14880 | Lair:5   | Noticed a four-headed hydra
 14892 | Lair:5   | Killed a four-headed hydra
 15009 | Lair:5   | Found a gate leading to a gauntlet.
 15080 | Gauntlet | Entered a Gauntlet
 15080 | Gauntlet | Found a transporter.
 15080 | Gauntlet | Found a transporter.
 15261 | Gauntlet | Found a transporter.
 15261 | Gauntlet | Found a transporter.
 15271 | Gauntlet | Found a transporter.
 15281 | Gauntlet | Noticed a hell hog
 15283 | Gauntlet | Found a transporter.
 15283 | Gauntlet | Found a transporter.
 15290 | Gauntlet | Noticed a queen ant
 15291 | Gauntlet | Found a transporter.
 15353 | Gauntlet | Found a transporter.
 15365 | Gauntlet | Noticed a death scarab
 15366 | Gauntlet | Noticed a death scarab
 15367 | Gauntlet | Found a transporter.
 15380 | Gauntlet | Found a transporter.
 15475 | Gauntlet | Found a transporter.
 15496 | Gauntlet | Found a transporter.
 15500 | Gauntlet | Noticed a five-headed hydra
 15503 | Gauntlet | Found a transporter.
 15603 | Gauntlet | Found a transporter.
 15603 | Gauntlet | Found a transporter.
 15620 | Gauntlet | Noticed a hell beast
 15658 | Gauntlet | Killed a queen ant
 15990 | Gauntlet | Killed a five-headed hydra
 16094 | Gauntlet | Killed a hell beast
 16304 | Gauntlet | Noticed a minotaur
 16322 | Gauntlet | Killed a minotaur
 16778 | Lair:5   | Reached XP level 13. HP: 69/104 MP: 12/12
 18327 | Orc:1    | Entered Level 1 of the Orcish Mines
 19528 | Orc:2    | Entered Level 2 of the Orcish Mines
 19546 | Orc:2    | Noticed Sonja
 20587 | Lair:4   | Noticed Josephine
 20598 | Lair:4   | Killed Josephine
 21555 | Lair:6   | Entered Level 6 of the Lair of Beasts
 22269 | Lair:6   | Reached skill level 15 in Short Blades
 22445 | Lair:6   | Reached XP level 14. HP: 90/111 MP: 13/13
 22797 | Lair:6   | Found a staircase to the Slime Pits.
 23493 | Lair:6   | Got a fine buckler
 23504 | Lair:6   | Identified the +6 buckler "Luqaw" {rC+} (You found it on
                  | level 6 of the Lair of Beasts)
 23815 | Orc:2    | Noticed an orc warlord
 23828 | Orc:2    | Killed Sonja
 23879 | Orc:1    | HP: 4/111 [poisoned by an orc warlord]
 23899 | Orc:1    | Killed an orc warlord
 24305 | Snake:1  | Entered Level 1 of the Snake Pit
 24360 | Snake:1  | You fall through a shaft!
 24361 | Snake:2  | Noticed Aizul
 25935 | Snake:2  | Noticed a nagaraja
 26050 | Snake:2  | Noticed a nagaraja
 26061 | Snake:2  | Killed a nagaraja
 26684 | Snake:2  | Noticed Louise
 26881 | Snake:2  | Killed Aizul
 27314 | Snake:2  | Noticed a nagaraja
 27720 | Snake:2  | Identified Roxanne's Reference Book on Moulding
 27720 | Snake:2  | Noticed Roxanne
 27999 | Snake:3  | Noticed Saint Roka
 28006 | Snake:3  | Noticed Agnes
 28017 | Snake:3  | Killed Agnes
 28043 | Snake:3  | Reached skill level 15 in Shields
 28050 | Snake:3  | Reached XP level 15. HP: 111/117 MP: 8/14
 28169 | Snake:2  | Killed a nagaraja
 28543 | Snake:4  | Entered Level 4 of the Snake Pit
 28543 | Snake:4  | Noticed a nagaraja
 28566 | Snake:4  | Got a vibrating ivory ring
 28568 | Snake:4  | Identified the ring "Kopus" {rElec rC+ Dex-3 Slay+2} (You
                  | found it on level 4 of the Snake Pit)
 28610 | Snake:4  | Noticed a nagaraja
 28921 | Snake:4  | Killed a nagaraja
 29148 | Snake:4  | Noticed a nagaraja
 29154 | Snake:4  | Noticed a nagaraja
 29171 | Snake:4  | Killed a nagaraja
 29329 | Snake:4  | Noticed a nagaraja
 29385 | Snake:4  | Noticed a nagaraja
 29394 | Snake:4  | Killed a nagaraja
 29396 | Snake:4  | Identified the +5 rapier "Yluijo" {protect, rC++}
 29416 | Snake:4  | Noticed a nagaraja
 29420 | Snake:4  | Killed a nagaraja
 29538 | Snake:4  | Noticed a nagaraja
 29562 | Snake:4  | Killed a nagaraja
 29672 | Snake:4  | Noticed a nagaraja
 29687 | Snake:4  | Killed a nagaraja
 29695 | Snake:4  | Got a serpentine rune of Zot
 29782 | Snake:3  | Noticed Vashnia
 30812 | Shoals:1 | Entered Level 1 of the Shoals
 30812 | Shoals:1 | Found a basalt altar of Yredelemnul.
 31662 | Shoals:2 | Found a frozen archway.
 31792 | IceCv    | Entered an ice cave
 32167 | IceCv    | Gained mutation: You possess an exceptional clarity of
                  | mind. [potion of mutation]
 32167 | IceCv    | Gained mutation: You have large cloven feet. [potion of
                  | mutation]
 32167 | IceCv    | Gained mutation: Your magical capacity is low. (-10% MP)
                  | [potion of mutation]
 32167 | IceCv    | Gained mutation: Your system is resistant to poisons.
                  | (rPois) [potion of mutation]
 33296 | IceCv    | Noticed an Ice Fiend
 33313 | IceCv    | Reached skill level 15 in Stealth
 33352 | IceCv    | Killed an Ice Fiend
 33775 | IceCv    | Found the +8 Wrath of Trog {antimagic, *Rage}
 33828 | IceCv    | Got a pair of ancient gloves
 33834 | IceCv    | Identified the -5 pair of gloves "Deigur" {*Contam Str+5
                  | Int+2 SInv} (You found it in an ice cave)
 34225 | Shoals:3 | Reached XP level 16. HP: 51/124 MP: 13/13
 34737 | Shoals:4 | Entered Level 4 of the Shoals
 34808 | Shoals:4 | Found Tocouxto's Assorted Antiques.
 34829 | Shoals:4 | Bought a scroll of summoning for 342 gold pieces
 35057 | Shoals:4 | Found a runed translucent door.
 35317 | Shoals:4 | Got a barnacled rune of Zot
 36262 | D:11     | Cast into level 4 of the Abyss (a distortion unwield)
 36298 | Abyss:4  | Noticed a tentacled starspawn
 36313 | Abyss:4  | Killed a tentacled starspawn
 36510 | Abyss:4  | Noticed a bone dragon
 36556 | Abyss:4  | Killed a bone dragon
 36562 | D:11     | Escaped the Abyss
 37054 | D:11     | Cast into level 3 of the Abyss (a distortion unwield)
 37054 | Abyss:3  | Found a corrupted altar of Lugonu.
 37241 | Abyss:4  | Noticed a hellephant
 37297 | Abyss:4  | Killed a hellephant
 37475 | Abyss:4  | Noticed a tentacled starspawn
 37492 | Abyss:4  | Killed a tentacled starspawn
 37567 | Abyss:4  | Gained mutation: You are dopey. (Int -2) [a neqoxec]
 37627 | Abyss:4  | Paralysed by accursed screaming for 1 turns
 37675 | D:11     | Escaped the Abyss
 37878 | D:11     | Lost mutation: You possess an exceptional clarity of mind.
                  | [mutagenic glow]
 37901 | D:11     | Gained mutation: Scrolls take you a little longer to read.
                  | [mutagenic glow]
 37973 | D:12     | Gained mutation: Your magical capacity is very low. (-20%
                  | MP) [mutagenic glow]
 38024 | D:12     | Found a sparkling altar of Nemelex Xobeh.
 38285 | D:11     | Cast into level 3 of the Abyss (a distortion unwield)
 38720 | Abyss:3  | Noticed a tentacled starspawn
 38735 | Abyss:3  | Killed a tentacled starspawn
 38735 | Abyss:3  | Reached XP level 17. HP: 79/130 MP: 12/12
 38806 | Abyss:3  | Found a corrupted altar of Lugonu.
 38844 | Abyss:3  | Noticed a kraken
 38944 | D:11     | Escaped the Abyss
 39326 | D:12     | Found a stormy altar of Qazlal.
 39952 | D:12     | Gained mutation: Scrolls take you longer to read.
                  | [mutagenic glow]
 40002 | D:12     | Cast into level 4 of the Abyss (a distortion unwield)
 40009 | Abyss:4  | Found a corrupted altar of Lugonu.
 40554 | D:12     | Escaped the Abyss
 41435 | D:13     | Found a gate to the Vaults.
 43303 | D:15     | Entered Level 15 of the Dungeon
 43586 | D:15     | Found a staircase to the Depths.
 43820 | D:15     | Found Buli's Weapon Shoppe.
 44467 | Depths:1 | Entered Level 1 of the Depths
 44560 | D:15     | Gained mutation: Your flesh is heat resistant. (rF+)
                  | [mutagenic glow]
 44596 | D:15     | Gained mutation: You tend to lose your temper in combat.
                  | [mutagenic glow]
 44652 | D:12     | Gained mutation: Your magical capacity is extremely low.
                  | (-30% MP) [mutagenic glow]
 44996 | Snake:3  | Killed Vashnia
 45351 | Snake:4  | Found Hulosint's Distillery.
 45359 | Snake:4  | Bought a potion of mutation for 120 gold pieces
 45359 | Snake:4  | Bought a potion of mutation for 120 gold pieces
 45359 | Snake:4  | Bought a potion of mutation for 120 gold pieces
 45758 | D:10     | Cast into level 4 of the Abyss (a distortion unwield)
 45832 | Abyss:4  | Reached XP level 18. HP: 126/137 MP: 11/11
 45919 | Abyss:4  | Reached skill level 1 in Bows
 45919 | Abyss:4  | Noticed a bone dragon
 45948 | Abyss:4  | Killed a bone dragon
 46029 | D:10     | Escaped the Abyss
 46379 | D:9      | Gained mutation: You are very dopey. (Int -4) [mutagenic
                  | glow]
 46749 | D:1      | Gained mutation: Armour fits poorly on your strangely
                  | shaped body. [mutagenic glow]
 46771 | D:2      | Gained mutation: You are weak. (Str -2) [mutagenic glow]
 47525 | Snake:4  | Lost mutation: You tend to lose your temper in combat.
                  | [potion of mutation]
 47525 | Snake:4  | Lost mutation: Your flesh is heat resistant. (rF+) [potion
                  | of mutation]
 47525 | Snake:4  | Lost mutation: Scrolls take you longer to read. [potion of
                  | mutation]
 47525 | Snake:4  | Lost mutation: You are very dopey. (Int -4) [potion of
                  | mutation]
 47525 | Snake:4  | Gained mutation: You have very sharp teeth. [potion of
                  | mutation]
 47525 | Snake:4  | Gained mutation: You possess an exceptional clarity of
                  | mind. [potion of mutation]
 47525 | Snake:4  | Lost mutation: Your magical capacity is extremely low.
                  | (-30% MP) [potion of mutation]
 47525 | Snake:4  | Gained mutation: You are resistant to hostile enchantments.
                  | (MR+) [potion of mutation]
 47526 | Snake:4  | Lost mutation: You are weak. (Str -2) [potion of mutation]
 47526 | Snake:4  | Lost mutation: Your system is resistant to poisons. (rPois)
                  | [potion of mutation]
 47526 | Snake:4  | Lost mutation: Scrolls take you a little longer to read.
                  | [potion of mutation]
 47526 | Snake:4  | Gained mutation: You expend magic power (3 MP) to
                  | strengthen your wands. [potion of mutation]
 47526 | Snake:4  | Gained mutation: You are highly resistant to hostile
                  | enchantments. (MR++) [potion of mutation]
 47527 | Snake:4  | Lost mutation: You have large cloven feet. [potion of
                  | mutation]
 47527 | Snake:4  | Lost mutation: Armour fits poorly on your strangely shaped
                  | body. [potion of mutation]
 47527 | Snake:4  | Lost mutation: You are dopey. (Int -2) [potion of mutation]
 47527 | Snake:4  | Gained mutation: Armour fits poorly on your strangely
                  | shaped body. [potion of mutation]
 47527 | Snake:4  | Gained mutation: Your flesh is cold resistant. (rC+)
                  | [potion of mutation]
 47527 | Snake:4  | Gained mutation: You evolve. [potion of mutation]
 47991 | Shoals:1 | Found a snail-covered altar of Cheibriados.
 48597 | Shoals:2 | Reached skill level 5 in Bows
 49262 | Shoals:3 | Noticed Ilsuiw
 49614 | D:10     | Lost mutation: You possess an exceptional clarity of mind.
                  | [mutagenic glow]
 49652 | D:10     | Gained mutation: Scrolls take you a little longer to read.
                  | [mutagenic glow]
 49722 | Lair:1   | Gained mutation: You are dopey. (Int -2) [mutagenic glow]
 49761 | Lair:1   | Killed dembora's ghost
 50064 | Lair:1   | Reached XP level 19. HP: 144/144 MP: 14/14
 50301 | D:10     | Cast into level 4 of the Abyss (a distortion unwield)
 50660 | Abyss:4  | Lost mutation: Your flesh is cold resistant. (rC+) [a
                  | neqoxec]
 51045 | Abyss:4  | Noticed a bone dragon
 51117 | D:10     | Escaped the Abyss
 51620 | Orc:2    | Found Arev's General Store.
 51621 | Orc:2    | Found Kutoe's Food Shoppe.
 51622 | Orc:2    | Noticed Nessos
 51657 | Orc:2    | Found Kaokol's Antique Weapon Shop.
 51657 | Orc:2    | Found Assisy's Book Boutique.
 51657 | Orc:2    | Found a one-way gate leading to the halls of Pandemonium.
 51675 | Orc:2    | Found a staircase to the Elven Halls.
 52336 | Orc:2    | Killed Nessos
 53540 | Orc:2    | Bought a dazzling dagger for 182 gold pieces
 53542 | Orc:2    | Identified the cursed +0 dagger "Spiderbane" {vamp, rF++
                  | Dex+3} (You bought it in a shop on level 2 of the Orcish
                  | Mines)
 53553 | Orc:2    | Bought a crystal whip for 195 gold pieces
 53556 | Orc:2    | Identified the +1 whip "Jiet" {elec, +Blink rF+} (You
                  | bought it in a shop on level 2 of the Orcish Mines)
 53669 | Elf:1    | Entered Level 1 of the Elven Halls
 53982 | Elf:1    | Found Urengol's Armour Shop.
 54085 | Elf:1    | Identified Ushroat's Volume of Summoning
 54123 | Elf:1    | Reached skill level 10 in Bows
 54686 | Elf:3    | Entered Level 3 of the Elven Halls
 54704 | Elf:3    | Found Uwaibrof's Antique Weapon Shoppe.
 54713 | Elf:3    | Bought a steaming long sword for 314 gold pieces
 54715 | Elf:3    | Identified the +9 long sword "Zacuguff" {flame, *Noise
                  | rElec Int+8 Stlth-} (You bought it in a shop on level 3 of
                  | the Elven Halls)
 54852 | Elf:2    | Found a runed translucent gate.
 54852 | Elf:2    | Found a runed translucent gate.
 54852 | Elf:2    | Found a runed translucent gate.
 54913 | Elf:2    | Lost mutation: Your magical capacity is very low. (-20% MP)
                  | [evolution]
 55085 | Elf:2    | Reached XP level 20. HP: 120/150 MP: 17/17
 58039 | Elf:2    | Noticed Jorgrun
 58065 | Elf:2    | Killed Jorgrun
 58466 | Elf:2    | HP: 5/150 [+2 halberd of venom (22)]
 58469 | Elf:2    | HP: 2/150 [poisoned by a +2 halberd of venom]
 60159 | Elf:3    | Found a radiant altar of Vehumet.
 60343 | Elf:3    | Identified the +5 long sword of Anger {holy, +Rage +Fly
                  | Dex-5}
 60343 | Elf:3    | Identified the ring of Contentment {Wiz rF- MR+ Str+2
                  | Stlth+}
 60791 | Elf:3    | Reached skill level 1 in Long Blades
 61048 | Elf:3    | HP: 3/150 [deep elf master archer/arrow (23)]
 61048 | Elf:3    | Shot with an arrow by a deep elf master archer

Skill      XL: |  1  2  3  4  5  6  7  8  9 10 11 12 13 14 15 16 17 18 19 20 |
---------------+-------------------------------------------------------------+-----
Shields        | 4 5 6 8 11 13 15 16 18 19 20 21 | 21.2
Fighting       | 4 5 6 |  6.8
Armour         | 4 5 |  5.7
Axes           | 3 4 5 6 |  6.2
Throwing       | 2 |  2.7
Short Blades   | 5 8 10 12 13 15 16 17 18 19 20 21 | 21.1
Stealth        | 4 6 9 10 11 13 14 15 16 17 18 | 18.4
Bows           | 6 10 13 | 13.4
Long Blades    | 2 |  2.4

Action                   |  1- 3 |  4- 6 |  7- 9 | 10-12 | 13-15 | 16-18 | 19-21 || total
-------------------------+-------+-------+-------+-------+-------+-------+-------++-------
Melee: War axe           |    48 |    90 |   107 |   121 |       |       |       ||   366
       Headbutt          |     7 |    16 |    78 |   280 |   460 |   538 |   319 ||  1698
       Dagger            |       |    12 |       |       |       |       |       ||    12
       Short sword       |       |       |   209 |   586 |   978 |       |       ||  1773
       Hand axe          |       |       |     5 |   257 |    30 |       |       ||   292
       Flail             |       |       |       |     9 |     5 |       |       ||    14
       Broad axe         |       |       |       |       |    41 |       |       ||    41
       Rapier            |       |       |       |       |   339 |  1640 |  1149 ||  3128
       Bite              |       |       |       |       |       |    16 |   173 ||   189
       Long sword        |       |       |       |       |       |       |    79 ||    79
 Fire: Blowgun           |       |       |    18 |    14 |   122 |       |    71 ||   225
Throw: Javelin           |       |       |    12 |    27 |    44 |    39 |    14 ||   136
       Tomahawk          |       |       |     2 |     2 |       |       |     5 ||     9
       Throwing net      |       |       |     1 |       |       |       |     1 ||     2
Invok: Call Merchant     |       |       |       |     1 |       |       |       ||     1
       Potion Petition   |       |       |       |       |     3 |     5 |     4 ||    12
       Bribe Branch      |       |       |       |       |     2 |       |       ||     2
Evoke: Wand              |       |       |     4 |    16 |    43 |    14 |    10 ||    87
       Sack of spiders   |       |       |       |       |     1 |       |       ||     1
       Lamp of fire      |       |       |       |       |       |       |     4 ||     4
  Use: Scroll            |     2 |     1 |     1 |     5 |    19 |    11 |    13 ||    52
       Potion            |       |     3 |     6 |     3 |    17 |     8 |     5 ||    42
 Stab: Invisible         |       |       |     2 |       |       |       |       ||     2
       Distracted        |       |       |     1 |     7 |    18 |    17 |     5 ||    48
       Sleeping          |       |       |       |     3 |     6 |    16 |     5 ||    30
       Confused          |       |       |       |     5 |     7 |     3 |       ||    15
  Eat: Chunk             |       |     2 |       |       |       |       |       ||     2
       Ration            |       |     1 |     4 |    10 |    16 |    15 |    10 ||    56
Armor: Scale mail        |    19 |    10 |     7 |       |       |       |       ||    36
       Skin              |       |    23 |       |       |    11 |       |       ||    34
       Chain mail        |       |       |   128 |   305 |   365 |   376 |   195 ||  1369
Dodge: Dodged            |    32 |    32 |    88 |   196 |   317 |   355 |   206 ||  1226
Block: Shield            |    10 |    54 |   173 |   559 |   889 |  1011 |   651 ||  3347
       Rpst.: Long sword |       |       |       |       |       |       |     1 ||     1
